 Dungeon Crawl Stone Soup version 0.32-a0-520-g344ed53f66 (webtiles) character file.

Game seed: 16726719767563119334

1510961 cforsyth the Infernalist (level 27, 216/216 HPs)
             Began as a Mountain Dwarf Fire Elementalist on Feb 27, 2024.
             Was an Initiate of Gozag.
             Escaped with the Orb
             ... and 3 runes on Feb 28, 2024!
             The game lasted 05:04:50 (95536 turns).

cforsyth the Infernalist (MDFE)                    Turns: 95536, Time: 05:04:51

Health: 216/216    AC: 44    Str: 19    XL:     27
Magic:  46/46      EV:  7    Int: 38    God:    Gozag
Gold:   13514      SH: 14    Dex: 18    Spells: 5/64 levels left

rFire   + . .        a - staff "Mucicuc" {rElec rN+ Dex+2 Summ Necro, !a}
rCold   . . .        B - +0 kite shield {reflect}
rNeg    + . .        S - +10 plate armour "Gyrrebuc" {Int+8}
rPois   +            U - +3 crown of Dyrovepreva {rElec Int+2 SInv}
rElec   +            L - +4 dragonskin cloak
rCorr   .            p - +2 pair of gloves {infuse}
SInv    +            R - +2 pair of boots
Will    ++...        T - amulet of Vitality {RegenMP++ Regen++} Stlth
                     w - ring of Zexas {rPois rF+ Dex+6}
HPRegen 2.16/turn    I - +6 ring of intelligence
MPRegen 1.10/turn

%: reflection, infuse magic (1 MP)
@: no status effects
A: runic magic, artefact enchanting
0: Orb of Zot
}: 3/15 runes: decaying, serpentine, silver
a: Renounce Religion, Potion Petition, Call Merchant, Bribe Branch


You escaped.
You worshipped Gozag.
Gozag was extremely pleased with you.
You visited 10 branches of the dungeon, and saw 48 of its levels.
You visited 1 bazaar.
You also visited: Trove and Gauntlet.

You collected 31214 gold pieces.
You spent 7335 gold pieces at shops.
You paid 10365 gold pieces to Gozag.


Innate Abilities, Weirdness & Mutations

Your spellcasting is much less encumbered by armour.
You can use scrolls of enchantment on lesser artefacts.


   Skills:
 - Level 12.1 Fighting
 - Level 18.6 Armour
 - Level 1.3 Dodging
 - Level 1.4 Stealth
 - Level 16.1 Shields
 - Level 19.2 Spellcasting
 + Level 17.1 Conjurations
 - Level 4.0 Hexes
 - Level 16.4 Summonings
 - Level 4.2 Translocations
 O Level 27 Fire Magic
 - Level 9.4 Earth Magic
 - Level 11.4 Evocations


You had 5 spell levels left.
You knew the following spells:

 Your Spells              Type           Power      Damage    Failure   Level
a - Iskenderun's Mystic   Conj/Tloc      87%        2d17      1%          4
f - Foxfire               Conj/Fire      100%       2x1d9     0%          1
h - Summon Hydra          Summ           63%        N/A       1%          7
i - Iskenderun's Battles  Conj           100%       2d15      1%          5
l - Fireball              Conj/Fire      58%        3d22      0%          5
r - Inner Flame           Hex/Fire       100%       N/A       0%          3
s - Fire Storm            Conj/Fire      58%        8d15      26%         9
t - Summon Forest         Summ/Tloc      53%        N/A       1%          5
v - Summon Mana Viper     Hex/Summ       100%       N/A       1%          5
w - Stone Arrow           Conj/Erth      100%       3d13      1%          3
X - Scorch                Fire           100%       2d9       0%          2
Y - Flame Wave            Conj/Fire      100%       2d21      0%          4
Z - Summon Cactus Giant   Summ           63%        N/A       1%          6

Your spell library contained the following spells:

 Spells                   Type           Power      Damage    Failure   Level
 Magic Dart               Conj           100%       1d8       0%          1
 Call Imp                 Summ           100%       N/A       0%          2
 Searing Ray              Conj           100%       2d8       0%          2
 Volatile Blastmotes      Fire/Tloc      100%       2d18      0%          3
 Summon Blazeheart Golem  Fire/Summ      100%       N/A       0%          4
 Apportation              Tloc           100%       N/A       1%          1
 Sandblast                Erth           100%       2d20      1%          1
 Sting                    Conj/Alch      100%       1d9       1%          1
 Blink                    Tloc           100%       N/A       1%          2
 Ensorcelled Hibernation  Hex/Ice        100%       N/A       1%          2
 Jinxbite                 Hex            100%       N/A       1%          2
 Static Discharge         Conj/Air       100%       3-8/arc   1%          2
 Dazzling Flash           Conj/Hex       100%       N/A       1%          3
 Hailstorm                Conj/Ice       80%        3d13      1%          3
 Mephitic Cloud           Conj/Alch/Air  68%        N/A       1%          3
 Passwall                 Erth           83%        N/A       1%          3
 Summon Ice Beast         Ice/Summ       99%        N/A       1%          3
 Teleport Other           Tloc           62%        N/A       1%          3
 Animate Armour           Summ/Erth      100%       N/A       1%          4
 Brom's Barrelling Bould  Conj/Erth      95%        2d10      1%          4
 Fulminant Prism          Conj/Alch      40%        3d19      1%          4
 Ignite Poison            Fire/Alch      95%        N/A       1%          4
 Martyr's Knell           Necr/Summ      100%       N/A       1%          4
 Sticky Flame             Fire/Alch      95%        2d14      1%          4
 Summon Lightning Spire   Summ/Air       99%        N/A       1%          4
 Irradiate                Conj/Alch      40%        3d25      1%          5
 Lee's Rapid Deconstruct  Erth           41%        3d20*     1%          5
 Freeze                   Ice            100%       1d10      2%          1
 Cigotuvi's Dreadful Rot  Necr/Alch/Air  100%       N/A       3%          2
 Mercury Vapours          Alch/Air       72%        N/A       3%          2
 Sublimation of Blood     Necr           53%        N/A       3%          2
 Leda's Liquefaction      Alch/Erth      32%        N/A       3%          4
 Passage of Golubria      Tloc           62%        N/A       3%          4
 Petrify                  Alch/Erth      64%        N/A       3%          4
 Freezing Cloud           Conj/Ice/Air   34%        6-21      5%          5
 Frozen Ramparts          Ice            72%        1d11      6%          3
 Swiftness                Air            36%        N/A       6%          3
 Borgnjor's Vile Clutch   Necr/Erth      41%        N/A       9%          5
 Dispel Undead            Necr           53%        3d19      22%         4
 Olgreb's Toxic Radiance  Alch           36%        N/A       22%         4
 Metabolic Englaciation   Hex/Ice        25%        N/A       26%         5
 Silence                  Hex/Air        25%        N/A       26%         5
 Yara's Violent Unravell  Hex/Alch       25%        3d11      26%         5
 Alistair's Intoxication  Alch           24%        N/A       52%         5
 Curse of Agony           Necr           53%        N/A       52%         5
 Bombard                  Conj/Erth      47%        9d8       1%          6
 Monstrous Menagerie      Summ           63%        N/A       1%          7
 Orb of Destruction       Conj           52%        9d13      1%          7
 Spellforged Servitor     Conj/Summ      64%        N/A       1%          7
 Ignition                 Fire           63%        3d17      1%          8
 Conjure Ball Lightning   Conj/Air       40%        3x3d13    10%         6
 Summon Horrible Things   Summ           63%        N/A       16%         8
 Dispersal                Tloc           31%        N/A       50%         6
 Haunt                    Necr/Summ      61%        N/A       52%         7
 Lehudib's Crystal Spear  Conj/Erth      47%        10d11     52%         8
 Death Channel            Necr           26%        N/A       97%         6
 Eringya's Noxious Bog    Alch           18%        4d6       97%         6
 Sculpt Simulacrum        Ice/Alch       18%        N/A       97%         6
 Enfeeble                 Hex            30%        N/A       98%         7
 Borgnjor's Revivificati  Necr           26%        N/A       100%        8
 Disjunction              Tloc           31%        N/A       100%        8
 Infestation              Necr           26%        N/A       100%        8
 Chain Lightning          Conj/Air       40%        3d53      100%        9
 Death's Door             Necr           26%        N/A       100%        9
 Polar Vortex             Ice            18%        12d2*     100%        9
 Shatter                  Erth           41%        3d32*     100%        9
 Animate Dead             Necr           Unusable   N/A       N/A         4

Inventory:

Armour
 p - a +2 pair of gloves of infusion (worn)
 q - the +0 plate armour of the Big Bang {rC++ Will+}
   (You acquired it on level 5 of the Lair of Beasts)

   rC++:      It greatly protects you from cold.
   Will+:     It increases your willpower.
 B - a +0 kite shield of reflection (worn)
 J - the +1 cloak "Uggan" {Str+2 Dex+2}
   (You found it on level 8 of the Dungeon)

   Str+2:     It affects your strength (+2).
   Dex+2:     It affects your dexterity (+2).
 L - the +4 dragonskin cloak (worn)
   (You took it off Tiamat on level 3 of the Realm of Zot)

   Avatar's Aegis: It grants the wearer a chance to resist fire, cold, poison,
   electricity, acid, and negative energy.
 R - a +2 pair of boots (worn)
 S - the +10 plate armour "Gyrrebuc" (worn) {Int+8}
   (You bought it in a shop on level 4 of the Vaults)

   Int+8:     It affects your intelligence (+8).
 U - the +3 crown of Dyrovepreva (worn) {rElec Int+2 SInv}
   (You found it on level 1 of the Lair of Beasts)

   Int+2:     It affects your intelligence (+2).
   rElec:     It insulates you from electricity.
   SInv:      It lets you see invisible.
Magical Staves
 a - the staff "Mucicuc" (weapon) {rElec rN+ Dex+2 Summ Necro, !a}
   (You bought it in a shop on level 1 of the Lair of Beasts)

   [staff of death]

   Base accuracy: +5 Base damage: 5 Base attack delay: 1.2 This weapon's minimum
   attack delay (0.6) is reached at skill level 12.
   Dex+2:     It affects your dexterity (+2).
   rElec:     It insulates you from electricity.
   rN+:       It protects you from negative energy.
   Summ:      It increases the power of your Summonings spells.
   Necro:     It increases the power of your Necromancy spells.
   It falls into the 'Staves' category.
   It is a one-handed weapon.
Jewellery
 c - a ring of ice
 n - a ring of positive energy
 w - the ring of Zexas (left hand) {rPois rF+ Dex+6}
   (You took it off an ironbound convoker on level 4 of the Vaults)

   [ring of dexterity]

   Dex+6:     It affects your dexterity (+6).
   rF+:       It protects you from fire.
   rPois:     It protects you from poison
 C - a ring of protection from cold
 I - a +6 ring of intelligence (right hand)
 P - the ring of Xom's Entertainment {rElec MP+9}
   (You acquired it on level 1 of the Lair of Beasts)

   [ring of magical power]

   rElec:     It insulates you from electricity.
   MP+9:      It affects your magic capacity (+9).
 T - the amulet of Vitality (around neck) {RegenMP++ Regen++}
   (You took it off a vault sentinel on level 1 of the Vaults)

   [amulet of magic regeneration]

   RegenMP:   It increases your rate of magic regeneration.
   Regen++:   It increases your rate of health regeneration.
Wands
 d - a wand of charming (42)
 r - a wand of polymorph (20)
 v - a wand of mindburst (37)
 E - a wand of warping (58)
 F - a wand of flame (105)
 W - a wand of quicksilver (25)
 Z - a wand of digging (27)
Scrolls
 e - 12 scrolls of fog
 k - 17 scrolls of amnesia
 l - 9 scrolls of immolation
 s - 2 scrolls of blinking
 y - 3 scrolls of butterflies
 G - 17 scrolls of enchant armour
 M - 2 scrolls of enchant weapon
 V - 19 scrolls of teleportation {@r2}
 X - 7 scrolls of poison
 Y - 9 scrolls of fear
Potions
 b - 4 potions of magic
 f - 4 potions of invisibility
 g - 11 potions of lignification
 h - 4 potions of berserk rage {!q}
 i - 8 potions of curing {@q1}
 j - 3 potions of ambrosia
 o - 7 potions of heal wounds {@q2}
 t - 15 potions of attraction
 u - 14 potions of mutation
 x - 7 potions of enlightenment
 z - 6 potions of haste {@q3}
 A - 6 potions of resistance
 K - 7 potions of might
 N - 4 potions of cancellation
 O - 8 potions of brilliance
Miscellaneous
 m - a phantom mirror
 H - a sack of spiders
 Q - a condenser vane

Dungeon Overview and Level Annotations

Branches:
Dungeon (15/15)            Temple (1/1) D:5            Lair (5/5) D:10
  Swamp (4/4) Lair:2        Snake (4/4) Lair:2        Slime (0/5) Lair:4
    Orc (2/2) D:12            Elf (3/3) Orc:2        Vaults (5/5) D:13
  Crypt (0/3) Vaults:3     Depths (4/4) D:15            Zot (5/5) Depths:4
Gauntlet (visited)

Altars:
Ashenzari
Cheibriados
Dithmenos
Elyvilon
Fedhas
Gozag
Hepliaklqana
Kikubaaqudgha
Makhleb
Nemelex Xobeh
Okawaru
Qazlal
Ru
Sif Muna
Trog
Uskayaw
Vehumet
Wu Jian
Xom
Yredelemnul
Zin
The Shining One
Beogh
Jiyva

Shops:
Orc:2 :*?[   Elf:3 :?   Lair:1 =[[*=*[   Snake:1 :   Snake:4 *   Vaults:2 (=([?
Vaults:4 !=[*(   Vaults:5 !?!!?   Depths:1 (   Depths:4 *

Portals:
Hell: Depths:1 Depths:2 Depths:3 Depths:4
Abyss: Depths:1 Depths:3 Depths:4
Pandemonium: Depths:1 Depths:2
Ziggurat: Depths:1

Annotations:
Zot:4 3 runed translucent doors, ChongLi's ghost, master TeRe

#####. ####.....
####........
###...........
##.1...........
##......ยง.######
##.....#####
##...#### #@.###
####


You could see a Tzitzimitl.


Message History

The forest starts to sway and rumble!
Unknown command.
You feel roots moving beneath the ground.
You feel roots moving beneath the ground.
A tree reaches out and hits the blizzard demon!
The blizzard demon gestures at you. The bolt of cold hits your dryad!!
The bolt of cold hits your eight-headed hydra!!
Your dryad barely misses the blizzard demon.
Your dryad hits the blizzard demon!
Things that are here:
a +0 club; a goblin skeleton You feel roots moving beneath the ground.
Your eight-headed hydra disappears in a puff of smoke!
Branches wave dangerously above you.
You feel a bit more experienced.
There is a stone staircase leading up here.
You climb upwards.
There is a stone staircase leading down here.
Okay, then.
Space becomes stable.
A Tzitzimitl comes into view.
Unknown command.
Blink to where?
Press: ? - help, Dir - move target
As you read the scroll of blinking, it crumbles to dust.
There is a staircase leading out of the dungeon here.
You can't go down here!
Unknown command.
You have escaped!

Skill      XL: |  1  2  3  4  5  6  7  8  9 10 11 12 13 14 15 16 17 18 19 20 21 22 23 24 25 26 27 |
---------------+----------------------------------------------------------------------------------+-----
Conjurations   | 1 2 3 5 6 8 17 | 17.1
Spellcasting   | 2 3 5 8 10 12 13 14 17 18 19 | 19.2
Fighting       | 1 2 3 5 8 10 12 | 12.1
Armour         | 1 2 3 4 5 7 10 12 14 15 16 18 | 18.6
Fire Magic     | 4 5 6 9 11 13 19 25 26 27 | 27.0
Earth Magic    | 4 6 8 9 |  9.4
Evocations     | 6 8 10 11 | 11.4
Summonings     | 1 7 11 13 15 16 | 16.4
Translocations | 3 4 |  4.2
Hexes          | 3 4 |  4.0
Shields        | 6 12 13 15 16 | 16.1
Dodging        | |  1.3
Stealth        | |  1.4

Action                     |  1- 3 |  4- 6 |  7- 9 | 10-12 | 13-15 | 16-18 | 19-21 | 22-24 | 25-27 || total
---------------------------+-------+-------+-------+-------+-------+-------+-------+-------+-------++-------
  Melee: Unarmed           |    29 |       |       |       |       |       |       |       |       ||    29
         Club              |     2 |    13 |     6 |       |       |       |       |       |       ||    21
         Dagger            |       |       |     7 |       |       |       |       |       |       ||     7
         Short sword       |       |       |     2 |    33 |       |       |       |       |       ||    35
         Staff             |       |       |       |    16 |     7 |       |       |       |       ||    23
   Cast: Foxfire           |    93 |   114 |   281 |   230 |       |     1 |       |     1 |       ||   720
         Scorch            |       |       |    34 |    44 |       |       |       |       |       ||    78
         Flame Wave        |       |       |     4 |    40 |    25 |       |       |       |       ||    69
         Stone Arrow       |       |       |       |   120 |   793 |   111 |    11 |     8 |    12 ||  1055
         Fireball          |       |       |       |       |    56 |    86 |     2 |       |     1 ||   145
         Inner Flame       |       |       |       |       |     6 |       |       |     1 |     1 ||     8
         Summon Cactus Gia |       |       |       |       |     4 |   173 |    94 |   106 |   122 ||   499
         Iskenderun's Batt |       |       |       |       |     1 |    22 |     3 |       |       ||    26
         Summon Mana Viper |       |       |       |       |       |   146 |    47 |    60 |    56 ||   309
         Summon Forest     |       |       |       |       |       |   132 |    56 |    67 |    87 ||   342
         Summon Hydra      |       |       |       |       |       |       |   157 |   305 |   415 ||   877
         Iskenderun's Myst |       |       |       |       |       |       |       |       |     5 ||     5
 Invoke: Call Merchant     |       |       |       |     4 |       |       |       |     3 |       ||     7
         Bribe Branch      |       |       |       |       |       |       |       |       |     1 ||     1
  Evoke: Wand              |       |       |     8 |     7 |    10 |       |     1 |     6 |    24 ||    56
         Condenser vane    |       |       |       |       |     1 |       |       |       |       ||     1
    Use: Scroll            |     7 |     2 |    10 |     8 |    16 |    14 |     2 |       |    11 ||    70
         Potion            |       |       |       |     1 |     1 |    11 |     2 |     1 |    16 ||    32
   Stab: Distracted        |       |       |       |       |     1 |       |       |       |       ||     1
 Armour: Robe              |    31 |       |       |       |       |       |       |       |       ||    31
         Skin              |     2 |     2 |       |       |       |       |       |       |       ||     4
         Chain mail        |       |    49 |   139 |   265 |   184 |       |       |       |       ||   637
         Plate armour      |       |       |       |       |   578 |   574 |   262 |   249 |   692 ||  2355
  Dodge: Dodged            |    31 |    22 |    45 |   117 |   182 |    94 |    65 |    35 |    87 ||   678
         Repelled          |       |       |     2 |       |     9 |    14 |     2 |    12 |    32 ||    71
  Block: Kite shield       |       |       |       |       |       |       |    23 |    99 |   295 ||   417
         Reflection        |       |       |       |       |       |       |     8 |    11 |    31 ||    50

Levels and vault maps discovered:
D:1:      eino_arrival_cavern_c, layout_loops_ring,
          hellmonk_ecumenical_altar_slurped_away, serial_forest,
          infiniplex_forest_straight_1, infiniplex_forest_3_way,
          infiniplex_forest_straight_2, infiniplex_forest_straight_2,
          infiniplex_forest_corner_1, infiniplex_forest_lined_3, minmay_3d_cube
D:2:      layout_rooms
D:3:      layout_basic, mainiacjoe_overflow_big_doors, uniq_ijyb,
          uniq_crazy_yiuf_cottage, uniq_grinder
D:4:      minmay_chambers_of_twos, layout_loops_cross,
          mainiacjoe_overflow_brackets, mainiacjoe_overflow_alcove_4,
          chequers_decorated_corner, kennysheep_minor_cross
D:5:      layout_basic, minmay_temple_entry_wispy
D:6:      layout_rooms
D:7:      layout_basic, kennysheep_little_box,
          mainiacjoe_overflow_concentric_impassable, nicolae_gozag_seed_capital,
          ebering_ghost_xom, uniq_maurice, uniq_pikel
D:8:      layout_loops_ring, uniq_psyche, uniq_maggie
D:9:      layout_basic, nicolae_overflow_hidden_temple,
          mainiacjoe_overflow_tiny_flanked, nicolae_wu_jian_immortal_techniques
D:10:     layout_stronghold, erik_lair_orcish_takeover,
          muffindrake_ghost_dual_entry
D:11:     layout_gridville, uniq_erica, uniq_gastronok, uniq_grum, uniq_harold
D:12:     kennysheep_four_of_diamonds, layout_rooms, orc_0_dummy,
          nicolae_ashenzari_panopticon, uniq_nessos, uniq_erolcha
D:13:     layout_irregular_city, hangedman_vaults_entry_quadrant_bands,
          nicolae_trove_entry_diagonal, serial_library_hellmonk_junction,
          lemuel_flamethrower_hall, uniq_lodul, uniq_snorg
D:14:     cheibrodos_monumental, layout_basic, okawaru_ov_weapons_minmay,
          lightli_church_of_beogh
D:15:     hangedman_depths_entry_civil_slaughter, layout_rooms, basic_altar
Temple:   hc_temple_tempest_star
Lair:1:   layout_loops_ring, infiniplex_staircase_pool_2
Lair:2:   layout_misc_corridors, mainiacjoe_swamp_entry_lozenge_pond,
          dummy_snake_entry
Lair:3:   layout_roguey, beast_lair_carwin_5, grunt_megastairs_1
Lair:4:   layout_small_grid, slime_entry_1, serial_bayou_lagoon_a,
          serial_bayou_shore_b
Lair:5:   hangedman_lair_tendril_chambers, layout_regular_city,
          hangedman_lair_caniforms_friends, minmay_lair_drake_nest
Swamp:1:  nicolae_swamp_secret_spriggan_hideout, layout_falls_marsh,
          evilmike_swamp_ruin_house_1
Swamp:2:  layout_falls_marsh, nicolae_swamp_little_swirl
Swamp:3:  cheibrodos_swamp_tower_of_moss, layout_basic_swamp,
          gammafunk_ghost_cemetery, nicolae_swamp_dense_foliage, swamp_pool_1_2,
          infiniplex_staircase_pool
Swamp:4:  nzn_swamp_witches_coven, layout_basic_swamp,
          nicolae_swamp_tree_isthmus
Snake:1:  layout_layer_cave, serial_shops, nicolae_take_the_stairs,
          lemuel_fruit_tree, serial_bayou_shore_b
Snake:2:  layout_misc_corridors, uniq_donald
Snake:3:  layout_layer_cave, uniq_mara
Snake:4:  grunt_snake_rune_pools, layout_chambers, serial_shops, shop,
          grunt_megastairs_3
Orc:1:    layout_diamond_mine
Orc:2:    st_orc_open, layout_caves, serial_shops, shop, gauntlet_entry_generic
Elf:1:    nicolae_elf_arrival_no_cutting_in_line, layout_onion_city
Elf:2:    nicolae_elf_blades_crystal_corner, layout_geoelf_octagon, uniq_zenata
Elf:3:    minmay_elf_hall_spiked, layout_gridlike, minmay_shoptagon
Vaults:1: ontoclasm_vaults_loading_screen, vaults_mumra_minichess_inversion,
          ontoclasm_vaults_idyll, ontoclasm_vaults_claustrophobia,
          nicolae_vaults_alarming, vaults_mumra_hex, grunt_vaults_trifunnel,
          v_rooms_2, hangedman_vaults_corner_blocks,
          nicolae_vaults_storage_room_water, vaults_room_semicircle,
          vaults_mumra_minichess, nicolae_vaults_tetromino_L_1,
          layout_vaults_omnibox
Vaults:2: nicolae_vaults_angled_halls, nicolae_vaults_little_squares_2,
          nicolae_vaults_display_case, nicolae_vaults_wine_cellar,
          minmay_orc_keep, v_alt_pattern_2, nicolae_vaults_house_1,
          layout_vaults_big_room, serial_shops, shop, shop,
          nicolae_shop_pleasant_corner_grove, shop, shop
Vaults:3: nicolae_vaults_trapezoid_layered, nicolae_vaults_turnstiles,
          hangedman_vaults_impose, nicolae_vaults_border_crossing,
          nicolae_vaults_little_squares_3, minmay_crypt_entry_necro_gods,
          vaults_room_fours, nicolae_vaults_storage_room_glass,
          layout_vaults_quadrants, serial_shops, bzr_entry_safe, uniq_xtahua
Vaults:4: nicolae_vaults_closet_pinwheel_2, nicolae_vaults_trapezoid_1,
          nicolae_vaults_ellipses_ellipsis, nicolae_vaults_disjoint_gnomons,
          v_misc_14, nicolae_vaults_diagonal_hallway_6,
          nicolae_vaults_network_barrier, nicolae_vaults_hallways_thing,
          hangedman_vaults_hat, lightli_orcish_oven, layout_vaults_maze,
          serial_shops, nicolae_lakefront_shop, nicolae_shop_dealshenge, shop,
          shop, nicolae_shop_tiny_statue_garden, uniq_saint_roka
Vaults:5: uniq_margery
Depths:1: hellmonk_crumbling_castle, layout_basic, enter_ziggurat_b, hell_entry,
          serial_shops, nicolae_shop_gibbet_a_chance,
          nicolae_qazlal_style_of_elements, abyss_entry_glasseish,
          rand_demon_pan_entry_1, kennysheep_generic_room_15
Depths:2: gammafunk_dig_for_victory, layout_cave_pools, hell_entry, pan_entry,
          nicolae_dithmenos_through_a_glass_darkly
Depths:3: minmay_nine_rooms, layout_cave_shapes, nrook_campfire, abyss_entry,
          grunt_metal_band, minmay_staircase_bubble, firewood_loft
Depths:4: evilmike_zot_entry_basic, layout_basic, ebering_ghost_gozag,
          hangedman_abyss_entry_splay, pf_vacation_house_of_asmodeus
Zot:1:    layout_gridlike, uniq_grunn
Zot:2:    layout_gridville
Zot:3:    layout_cathedral_of_symmetry, regret_index_zotdec_dark_gr, uniq_tiamat
Zot:4:    kennysheep_spiral_hall, layout_twisted_circle, gammafunk_ghost_split
Zot:5:    layout_basic

Notes
Turn   | Place    | Note
-------+----------+-------------------------------------------
     0 | D:1      | cforsyth the Mountain Dwarf Fire Elementalist began the
                  | quest for the Orb.
     0 | D:1      | Reached XP level 1. HP: 14/14 MP: 3/3
   152 | D:1      | Reached skill level 1 in Conjurations
   192 | D:1      | Found a faded altar of an unknown god.
   338 | D:1      | Reached XP level 2. HP: 22/22 MP: 1/4
   591 | D:1      | Reached skill level 2 in Spellcasting
   674 | D:1      | Reached skill level 1 in Fighting
   674 | D:1      | Reached skill level 1 in Armour
  1342 | D:2      | Reached XP level 3. HP: 28/28 MP: 1/6
  1725 | D:2      | Reached skill level 4 in Fire Magic
  2300 | D:3      | Reached XP level 4. HP: 30/35 MP: 0/7
  2639 | D:3      | Identified the +0 chain mail of Intercession {Will++}
  2739 | D:3      | Noticed Grinder
  2999 | D:3      | Killed Grinder
  3000 | D:3      | Reached skill level 2 in Fighting
  3000 | D:3      | Reached skill level 2 in Armour
  3000 | D:3      | Reached skill level 2 in Conjurations
  3000 | D:3      | Reached XP level 5. HP: 42/42 MP: 0/9
  3000 | D:3      | Reached XP level 6. HP: 50/50 MP: 0/10
  3086 | D:3      | Noticed Ijyb
  3106 | D:3      | Killed Ijyb
  3253 | D:3      | Found a hazy altar of Hepliaklqana.
  3361 | D:3      | Found a snail-covered altar of Cheibriados.
  3428 | D:3      | Found a runed translucent door.
  3429 | D:3      | Noticed Crazy Yiuf
  3692 | D:3      | Reached skill level 5 in Fire Magic
  3870 | D:4      | Reached skill level 3 in Spellcasting
  4154 | D:4      | Reached skill level 3 in Armour
  4335 | D:4      | Found a shadowy altar of Dithmenos.
  4379 | D:4      | Reached skill level 3 in Fighting
  4573 | D:4      | Found a shimmering altar of Xom.
  4588 | D:4      | Reached skill level 3 in Conjurations
  4588 | D:4      | Reached XP level 7. HP: 49/57 MP: 4/11
  5528 | D:5      | Entered Level 5 of the Dungeon
  5532 | D:5      | Found a staircase to the Ecumenical Temple.
  5540 | Temple   | Entered the Ecumenical Temple
  5622 | Temple   | Learned a level 2 spell: Scorch
  5745 | D:5      | Reached skill level 4 in Armour
  5745 | D:5      | Reached skill level 6 in Fire Magic
  6387 | D:5      | Reached XP level 8. HP: 49/66 MP: 0/13
  6954 | D:6      | Reached skill level 4 in Conjurations
  6954 | D:6      | Reached skill level 7 in Fire Magic
  7220 | D:6      | Reached skill level 5 in Armour
  7235 | D:6      | Reached skill level 8 in Fire Magic
  8041 | D:6      | Identified the +0 ring mail "Aggijaynu" {Int+3}
  8059 | D:6      | Learned a level 4 spell: Flame Wave
  8556 | D:7      | Found an ancient bone altar of Kikubaaqudgha.
  8568 | D:7      | Reached skill level 9 in Fire Magic
  8643 | D:7      | Reached skill level 5 in Conjurations
  8689 | D:7      | Reached XP level 9. HP: 60/71 MP: 3/14
  8861 | D:7      | Noticed Pikel
  8892 | D:7      | Killed Pikel
  8893 | D:7      | Reached skill level 6 in Armour
  9023 | D:7      | Reached skill level 10 in Fire Magic
  9096 | D:7      | Identified a potion of resistance
  9188 | D:7      | Noticed Maurice
  9200 | D:7      | Something stole 157 gold
  9204 | D:7      | Maurice stole 205 gold
  9207 | D:7      | Killed Maurice
  9340 | D:7      | Reached skill level 7 in Armour
  9378 | D:7      | Reached skill level 6 in Conjurations
  9668 | D:7      | Found an opulent altar of Gozag.
  9699 | D:7      | Became a worshipper of Gozag Ym Sagoz the Greedy
  9807 | D:7      | Reached skill level 11 in Fire Magic
  9919 | D:7      | Found a sacrificial altar of Ru.
 10084 | D:7      | Found a runed translucent door.
 10085 | D:7      | Found a shimmering altar of Xom.
 10085 | D:7      | Noticed TheSexyCheese's ghost (novice DsFE)
 10085 | D:7      | Noticed a +1 falchion of chaos
 10242 | D:8      | Noticed Psyche
 10250 | D:8      | Killed Psyche
 10431 | D:8      | Noticed Maggie
 10498 | D:8      | Reached XP level 10. HP: 78/78 MP: 7/15
 10809 | D:8      | Reached skill level 8 in Armour
 11076 | D:8      | Reached skill level 7 in Conjurations
 11229 | D:8      | Killed Maggie
 11345 | D:8      | Identified the +0 cloak "Uggan" {Str+2 Dex+2}
 12318 | D:9      | Reached skill level 9 in Armour
 12662 | D:9      | Found an ornate altar of the Wu Jian Council.
 12768 | D:9      | Found a radiant altar of Vehumet.
 12776 | D:9      | Reached skill level 8 in Conjurations
 12888 | D:9      | Found a broken altar of Ashenzari.
 13080 | D:10     | Entered Level 10 of the Dungeon
 13093 | D:10     | Noticed TheLasagnaBaron's ghost (novice OnBe)
 13093 | D:10     | Noticed a lich
 13093 | D:10     | Noticed a skeletal warrior
 13094 | D:10     | Noticed a cyclops
 13094 | D:10     | Noticed a necromancer
 13094 | D:10     | Noticed a boulder beetle
 13095 | D:10     | Noticed a yaktaur captain
 13179 | D:9      | Reached skill level 1 in Earth Magic
 13263 | D:10     | Reached skill level 2 in Earth Magic
 13264 | D:10     | Reached skill level 10 in Armour
 13264 | D:10     | Reached skill level 3 in Earth Magic
 13824 | D:10     | Reached skill level 4 in Earth Magic
 14336 | D:10     | Found a staircase to the Lair.
 14755 | D:10     | Reached XP level 11. HP: 67/83 MP: 7/16
 15114 | D:10     | Found a runed translucent door.
 15118 | D:10     | Noticed a skeletal warrior
 15124 | D:10     | Found a runed translucent door.
 15295 | D:10     | Learned a level 3 spell: Inner Flame
 15299 | D:10     | Learned a level 3 spell: Stone Arrow
 15319 | D:11     | Noticed Gastronok
 15474 | D:11     | Killed Gastronok
 15475 | D:11     | Reached skill level 11 in Armour
 15475 | D:11     | Reached skill level 2 in Evocations
 15524 | D:11     | Noticed Harold
 15534 | D:11     | Killed Harold
 15535 | D:11     | Reached skill level 4 in Spellcasting
 15773 | D:11     | Noticed a two-headed ogre
 15789 | D:11     | Killed a two-headed ogre
 15790 | D:11     | Reached skill level 3 in Evocations
 15868 | D:11     | Noticed Erica
 16220 | D:11     | Killed Erica
 16463 | D:11     | Reached skill level 4 in Evocations
 16499 | D:11     | Noticed Grum
 16509 | D:11     | Killed Grum
 16694 | D:12     | Reached skill level 5 in Spellcasting
 16706 | D:12     | Noticed a centaur warrior
 16713 | D:12     | Killed a centaur warrior
 16733 | D:12     | Reached skill level 5 in Evocations
 16806 | D:12     | Noticed Nessos
 16846 | Lair:1   | Entered Level 1 of the Lair of Beasts
 16848 | Lair:1   | Identified 4 scrolls of acquirement
 16848 | Lair:1   | Acquired 1122 gold pieces
 16850 | Lair:1   | Acquired the ring of Xom's Entertainment {rElec MP+9}
 16852 | Lair:1   | Acquired 993 gold pieces
 16854 | Lair:1   | Acquired 1103 gold pieces
 16863 | Lair:1   | Reached skill level 12 in Armour
 16889 | Lair:1   | Noticed a boulder beetle
 16906 | Lair:1   | Killed a boulder beetle
 17000 | Lair:1   | HP: 6/83 [cloud of steam (7)]
 17231 | Lair:1   | Reached skill level 6 in Evocations
 17231 | Lair:1   | Reached XP level 12. HP: 78/91 MP: 14/20
 17234 | Lair:1   | Reached skill level 6 in Spellcasting
 17569 | Lair:1   | Found the +3 crown of Dyrovepreva {rElec Int+2 SInv}
 18127 | Lair:1   | Bought a scroll labelled IKKUHIM MEMPUG for 24 gold pieces
 18127 | Lair:1   | Bought a bubbling brown potion for 21 gold pieces
 18127 | Lair:1   | Bought a scroll of identify for 48 gold pieces
 18127 | Lair:1   | Bought a scroll of identify for 48 gold pieces
 18127 | Lair:1   | Bought a dazzling staff for 408 gold pieces
 18127 | Lair:1   | Identified the staff "Mucicuc" {rElec rN+ Dex+2 Summ Necro}
                  | (You bought it in a shop on level 1 of the Lair of Beasts)
 18149 | Lair:1   | Bought a viscous red potion for 30 gold pieces
 18149 | Lair:1   | Bought a lumpy purple potion for 30 gold pieces
 18162 | Lair:2   | Noticed a boulder beetle
 18171 | Lair:2   | Killed a boulder beetle
 18397 | Lair:2   | Found a staircase to the Swamp.
 18534 | Lair:2   | Found a staircase to the Snake Pit.
 18566 | Lair:2   | You fall into a shaft and drop 2 floors!
 18568 | Lair:4   | Reached skill level 7 in Evocations
 18594 | Lair:4   | Reached skill level 13 in Armour
 18611 | Lair:4   | Found a staircase to the Slime Pits.
 18616 | Lair:4   | Reached skill level 7 in Spellcasting
 19023 | Lair:3   | Reached skill level 8 in Evocations
 19573 | Lair:3   | Reached skill level 14 in Armour
 19573 | Lair:3   | Reached skill level 8 in Spellcasting
 19797 | Lair:3   | Reached skill level 1 in Summonings
 19799 | Lair:3   | Reached XP level 13. HP: 96/96 MP: 18/25
 19930 | Lair:3   | Reached skill level 2 in Summonings
 20444 | Lair:4   | Found a viscous altar of Jiyva.
 20988 | Lair:5   | Entered Level 5 of the Lair of Beasts
 21344 | Lair:5   | Identified the +1 plate armour of the Supporting Gods
                  | {Dex+3}
 21354 | Lair:5   | Reached skill level 3 in Summonings
 21783 | Lair:5   | Reached skill level 9 in Spellcasting
 21783 | Lair:5   | Reached skill level 4 in Summonings
 21829 | Lair:5   | Reached skill level 5 in Summonings
 22458 | Lair:5   | Reached skill level 6 in Summonings
 22928 | Lair:5   | Reached skill level 10 in Spellcasting
 23206 | Lair:5   | Reached skill level 7 in Summonings
 23407 | Lair:5   | Acquired the +0 plate armour of the Big Bang {rC++ Will+}
 24086 | Lair:5   | Reached XP level 14. HP: 86/103 MP: 27/28
 24169 | Lair:5   | Reached skill level 8 in Summonings
 24769 | Lair:5   | Reached skill level 11 in Spellcasting
 26046 | D:3      | Killed Crazy Yiuf
 26331 | D:11     | Reached skill level 9 in Summonings
 28160 | D:10     | Killed a lich
 28263 | D:10     | Killed TheLasagnaBaron's ghost
 28495 | D:12     | Killed Nessos
 28650 | D:12     | Noticed Erolcha
 28655 | D:12     | Killed Erolcha
 28673 | D:12     | Found a broken altar of Ashenzari.
 28929 | D:12     | Reached skill level 10 in Summonings
 29067 | D:12     | Found a staircase to the Orcish Mines.
 30127 | D:12     | Reached skill level 12 in Spellcasting
 30513 | D:13     | Noticed Lodul
 30554 | D:13     | Killed Lodul
 30555 | D:13     | Reached skill level 11 in Summonings
 31791 | D:13     | Reached XP level 15. HP: 108/108 MP: 31/31
 32099 | D:13     | Noticed Snorg
 32111 | D:13     | Killed Snorg
 32297 | D:13     | Identified the +6 dagger of the Puffin {drain, rF- rC+
                  | Will+ rCorr}
 32349 | D:13     | Found a portal to a secret trove of treasure.
 32552 | D:13     | Found a gate to the Vaults.
 33114 | D:14     | Reached skill level 12 in Summonings
 33305 | D:14     | Noticed a frost giant
 33352 | D:14     | Killed a frost giant
 33353 | D:14     | Reached skill level 13 in Spellcasting
 33779 | D:14     | Found a roughly hewn altar of Beogh.
 35085 | D:14     | Reached skill level 13 in Summonings
 35296 | D:14     | Acquired the ring "Cozam" {Str+3 Int+4 SInv}
 35306 | D:14     | Learned a level 6 spell: Summon Cactus Giant
 35321 | D:14     | Found an iron altar of Okawaru.
 35328 | D:14     | Identified the +3 mace of Xamminun {vamp, *Corrode Fly
                  | Will+}
 35563 | D:14     | Reached skill level 5 in Earth Magic
 35647 | D:14     | Reached skill level 4 in Fighting
 35738 | D:14     | Learned a level 5 spell: Iskenderun's Battlesphere
 35744 | D:14     | Learned a level 5 spell: Fireball
 35775 | D:15     | Entered Level 15 of the Dungeon
 36322 | D:15     | Found a white marble altar of Elyvilon.
 36868 | D:15     | Found a staircase to the Depths.
 37120 | Orc:1    | Entered Level 1 of the Orcish Mines
 37153 | Orc:1    | Reached skill level 5 in Fighting
 37153 | Orc:1    | Reached skill level 6 in Earth Magic
 37826 | Orc:1    | Reached XP level 16. HP: 110/119 MP: 13/33
 37951 | Orc:1    | You fall into a shaft and drop 1 floor!
 37951 | Orc:2    | Entered Level 2 of the Orcish Mines
 37951 | Orc:2    | Found Fiahof's Book Shoppe.
 37951 | Orc:2    | Found Jogic's General Store.
 37953 | Orc:2    | Found Zoruolur's Book Shop.
 37961 | Orc:2    | Found a gate leading to a gauntlet.
 37964 | Gauntlet | Entered a Gauntlet
 37964 | Gauntlet | Found a transporter.
 38173 | Gauntlet | Found a transporter.
 38188 | Gauntlet | Found a transporter.
 38189 | Gauntlet | Found a transporter.
 38209 | Gauntlet | Found a transporter.
 38222 | Gauntlet | Found a transporter.
 38234 | Gauntlet | Found the brooch of Shielding {Spirit SH+8}
 38235 | Gauntlet | Found a transporter.
 38255 | Gauntlet | Found a transporter.
 38259 | Gauntlet | Found a transporter.
 38267 | Gauntlet | Found a transporter.
 38287 | Gauntlet | Found a transporter.
 38291 | Gauntlet | Found a transporter.
 38295 | Gauntlet | Found a runed translucent door.
 38296 | Gauntlet | Found a runed translucent door.
 38391 | Gauntlet | Learned a level 5 spell: Summon Mana Viper
 38481 | Gauntlet | Reached skill level 14 in Spellcasting
 38664 | Gauntlet | Identified the amulet "Xaucout" {RegenMP ^Contam rElec
                  | rPois Dex+4}
 38820 | Gauntlet | Got the Anthology of the Blaze
 39024 | Orc:2    | Reached skill level 12 in Fire Magic
 39082 | Orc:2    | Reached skill level 6 in Fighting
 39179 | Orc:2    | Reached skill level 7 in Earth Magic
 39685 | Orc:2    | Found Tuc Nene's Magic Scroll Emporium.
 39716 | Orc:2    | Bought a scroll of enchant armour for 75 gold pieces
 39716 | Orc:2    | Bought 2 scrolls of teleportation for 60 gold pieces
 39752 | Orc:2    | Bought a scroll of enchant armour for 97 gold pieces
 39757 | Orc:2    | Bought Maal's Anthology of Peregrination for 448 gold
                  | pieces
 39763 | Orc:2    | Learned a level 5 spell: Summon Forest
 40122 | Orc:2    | Found Istruc's Armour Shop.
 40205 | Orc:2    | Found a staircase to the Elven Halls.
 40668 | Snake:1  | Entered Level 1 of the Snake Pit
 40669 | Snake:1  | Found Woecrumna's Book Emporium.
 41086 | Snake:1  | Reached skill level 1 in Translocations
 41092 | Snake:1  | Reached skill level 7 in Fighting
 41098 | Snake:1  | HP: 11/126 [poisoned by naga ritualist (concentrated
                  | venom)]
 41506 | Snake:1  | Identified the +9 battleaxe "Zuammedd" {holy, Fly Will+
                  | Str+3}
 41603 | Snake:1  | Reached skill level 1 in Hexes
 41940 | Snake:1  | Reached skill level 8 in Earth Magic
 42008 | Snake:1  | Reached skill level 2 in Hexes
 42008 | Snake:1  | Reached skill level 2 in Translocations
 43127 | Snake:2  | Reached skill level 13 in Fire Magic
 43472 | Snake:2  | You fall into a shaft and drop 1 floor!
 43558 | Snake:3  | Reached skill level 3 in Hexes
 43889 | Snake:3  | Reached skill level 3 in Translocations
 43895 | Snake:3  | Reached skill level 8 in Fighting
 43939 | Snake:3  | Noticed Mara
 43952 | Snake:3  | Noticed cforsyth's illusion
 43973 | Snake:3  | Noticed cforsyth's illusion
 44252 | Snake:3  | Reached XP level 17. HP: 134/134 MP: 35/35
 44611 | Snake:2  | Noticed Donald
 44620 | Snake:2  | Killed Donald
 44792 | Snake:2  | Reached skill level 4 in Hexes
 44997 | Snake:3  | Reached skill level 9 in Earth Magic
 45000 | Snake:3  | Noticed cforsyth's illusion
 46105 | Snake:3  | Noticed cforsyth's illusion
 46657 | Snake:3  | Killed Mara
 47573 | Snake:4  | Entered Level 4 of the Snake Pit
 47592 | Snake:4  | Reached skill level 4 in Translocations
 48174 | Snake:4  | HP: 12/136 [salamander/+0 halberd (12)]
 48176 | Snake:4  | HP: 4/136 [salamander/+0 halberd (12)]
 49079 | Snake:4  | Reached skill level 9 in Fighting
 49388 | Snake:4  | Found Wereodgh's Assorted Antiques.
 50285 | Snake:4  | Reached skill level 9 in Evocations
 50557 | Snake:4  | Reached skill level 10 in Fighting
 50612 | Snake:4  | Got a serpentine rune of Zot
 51326 | Swamp:1  | Entered Level 1 of the Swamp
 51725 | Swamp:1  | Reached skill level 15 in Armour
 52261 | Swamp:1  | Reached skill level 10 in Evocations
 52261 | Swamp:1  | Reached XP level 18. HP: 149/149 MP: 36/36
 52842 | Swamp:2  | Reached skill level 11 in Fighting
 53768 | Swamp:3  | Found a runed translucent gate.
 53768 | Swamp:3  | Found a runed translucent gate.
 53768 | Swamp:3  | Found a runed translucent gate.
 53768 | Swamp:3  | Noticed Jout's ghost (adept FeEE)
 53768 | Swamp:3  | Noticed Buiwea Hucos's ghost (adept FoDe)
 53982 | Swamp:3  | Noticed Fusk's ghost (adept HuWn)
 53984 | Swamp:3  | Noticed Ufuth's ghost (journeyman DEHu)
 53984 | Swamp:3  | Found the necklace of Bloodlust {Fury *Rage Will++ Int-3
                  | Slay+6}
 54440 | Swamp:3  | Reached skill level 11 in Evocations
 54972 | Swamp:4  | Entered Level 4 of the Swamp
 55803 | Swamp:4  | Reached skill level 16 in Armour
 56072 | Swamp:4  | Reached skill level 12 in Fighting
 56231 | Swamp:4  | Learned a level 4 spell: Iskenderun's Mystic Blast
 56271 | Swamp:4  | Noticed a tentacled monstrosity
 56282 | Swamp:4  | Killed a tentacled monstrosity
 57001 | Swamp:4  | Reached skill level 14 in Summonings
 57387 | Swamp:4  | Got a decaying rune of Zot
 57875 | Vaults:1 | Entered Level 1 of the Vaults
 58075 | Vaults:1 | Reached skill level 15 in Summonings
 58394 | Vaults:1 | Reached XP level 19. HP: 160/160 MP: 36/37
 58864 | Vaults:1 | Reached skill level 15 in Spellcasting
 60223 | Vaults:1 | Reached skill level 16 in Spellcasting
 60789 | Vaults:1 | Learned a level 7 spell: Summon Hydra
 60838 | Vaults:2 | Found Qosogh's Jewellery Emporium.
 60838 | Vaults:2 | Found Texif's Weapon Shop.
 60860 | Vaults:2 | Reached skill level 1 in Shields
 61050 | Vaults:1 | Reached skill level 2 in Shields
 61186 | Vaults:2 | Reached skill level 3 in Shields
 61229 | Vaults:2 | Found the +8 longbow "Zephyr" {speed, Dex+3 SInv}
 61254 | Vaults:2 | Found Yfruas's Magic Scroll Shoppe.
 61260 | Vaults:2 | Bought a scroll of teleportation for 39 gold pieces
 61260 | Vaults:2 | Bought a scroll of teleportation for 39 gold pieces
 61260 | Vaults:2 | Bought a scroll of blinking for 97 gold pieces
 61260 | Vaults:2 | Bought a scroll of enchant armour for 97 gold pieces
 61338 | Vaults:2 | Reached skill level 4 in Shields
 61461 | Vaults:2 | Found Judargh's Armour Shop.
 61536 | Vaults:2 | Found Qiatuengej's Weapon Boutique.
 61801 | Vaults:2 | Reached skill level 5 in Shields
 62152 | Vaults:2 | Reached skill level 6 in Shields
 62226 | Vaults:2 | Reached skill level 17 in Spellcasting
 62480 | Vaults:2 | Reached XP level 20. HP: 161/165 MP: 28/41
 62814 | Vaults:3 | Found a flickering gateway to a bazaar.
 62820 | Bazaar   | Entered a bazaar
 62825 | Bazaar   | Found Visecoh's Weapon Boutique.
 62834 | Bazaar   | Found Couheal's Jewellery Shop.
 62839 | Bazaar   | Found Ynnoehomp's Distillery.
 62846 | Bazaar   | Bought a potion of mutation for 80 gold pieces
 62846 | Bazaar   | Bought a potion of curing for 30 gold pieces
 62846 | Bazaar   | Bought a potion of curing for 30 gold pieces
 62846 | Bazaar   | Bought a potion of curing for 30 gold pieces
 62846 | Bazaar   | Bought a potion of resistance for 100 gold pieces
 62846 | Bazaar   | Bought 3 potions of haste for 300 gold pieces
 62846 | Bazaar   | Bought a potion of heal wounds for 50 gold pieces
 62849 | Bazaar   | Found Funtesua's Weapon Shoppe.
 62852 | Bazaar   | Found Zeamehee's Antique Weapon Shop.
 62861 | Bazaar   | Bought a slimy mace for 176 gold pieces
 62861 | Bazaar   | Identified the +10 mace of Doom {venom, rPois Will+ rCorr
                  | Int+3} (You bought it in a shop in a bazaar)
 63086 | Vaults:3 | Noticed Xtahua
 63106 | Vaults:3 | Killed Xtahua
 63107 | Vaults:3 | Reached skill level 7 in Shields
 63897 | Vaults:3 | Found a staircase to the Crypt.
 63897 | Vaults:3 | Found a basalt altar of Yredelemnul.
 63897 | Vaults:3 | Found an ancient bone altar of Kikubaaqudgha.
 63986 | Vaults:3 | Reached skill level 8 in Shields
 64626 | Vaults:4 | Found Ulemung's Antique Armour Boutique.
 64768 | Vaults:4 | Bought a glimmering plate armour for 1260 gold pieces
 64768 | Vaults:4 | Identified the +10 plate armour "Gyrrebuc" {Int+8} (You
                  | bought it in a shop on level 4 of the Vaults)
 64797 | Vaults:4 | Reached skill level 9 in Shields
 65174 | Vaults:4 | Reached skill level 10 in Shields
 65175 | Vaults:4 | Noticed Saint Roka
 65190 | Vaults:4 | Reached skill level 18 in Spellcasting
 65192 | Vaults:4 | Killed Saint Roka
 65544 | Vaults:4 | Found Ysmor's Antique Weapon Shoppe.
 65554 | Vaults:4 | Bought a scorched great sword for 368 gold pieces
 65554 | Vaults:4 | Identified the +1 great sword of Dividends {heavy, rN+
                  | Will+ Int+4} (You bought it in a shop on level 4 of the
                  | Vaults)
 65554 | Vaults:4 | Bought an iridescent broad axe for 288 gold pieces
 65554 | Vaults:4 | Identified the +9 broad axe "Oviohalo" {holy, Will+ Int+3}
                  | (You bought it in a shop on level 4 of the Vaults)
 65595 | Vaults:4 | Found Wuik's Jewellery Emporium.
 65609 | Vaults:4 | Reached skill level 11 in Shields
 65760 | Vaults:4 | Found Mait's Assorted Antiques.
 65768 | Vaults:4 | Bought a scroll of blinking for 292 gold pieces
 65768 | Vaults:4 | Bought a scroll of teleportation for 117 gold pieces
 65930 | Vaults:4 | Found Qosunik's Distillery.
 65936 | Vaults:4 | Bought a potion of heal wounds for 70 gold pieces
 65936 | Vaults:4 | Bought a potion of curing for 42 gold pieces
 65936 | Vaults:4 | Bought a potion of mutation for 112 gold pieces
 65936 | Vaults:4 | Bought a potion of invisibility for 112 gold pieces
 65936 | Vaults:4 | Bought a potion of curing for 42 gold pieces
 66102 | D:13     | You paid a toll of 17 potions of curing to enter a treasure
                  | trove
 66103 | Trove    | Entered a treasure trove
 66130 | Trove    | Identified a potion of experience
 66160 | Trove    | Identified the amulet of Paddus {Spirit Rampage Dex+2}
 66526 | Elf:1    | Entered Level 1 of the Elven Halls
 67464 | Elf:1    | Identified the ring "Ewapt" {*Slow +Blink rCorr Int+6}
 67971 | Elf:2    | Reached skill level 12 in Shields
 67972 | Elf:2    | Reached XP level 21. HP: 174/174 MP: 37/43
 67997 | Elf:2    | Found a runed translucent gate.
 67998 | Elf:2    | Found a runed translucent gate.
 67998 | Elf:2    | Found a runed translucent gate.
 68209 | Elf:2    | Reached skill level 16 in Summonings
 68209 | Elf:2    | Reached XP level 22. HP: 181/181 MP: 44/44
 68210 | Elf:2    | Reached skill level 13 in Shields
 68210 | Elf:2    | Reached XP level 23. HP: 188/188 MP: 45/45
 68249 | Elf:2    | Noticed Zenata
 68946 | Elf:2    | Killed Zenata
 69278 | Elf:2    | Reached skill level 19 in Spellcasting
 69511 | Elf:3    | Entered Level 3 of the Elven Halls
 69654 | Elf:3    | Found Duifreh's Magic Scroll Boutique.
 69654 | Elf:3    | Found Ytoaxt's Book Shop.
 69663 | Elf:3    | Bought a scroll of butterflies for 52 gold pieces
 69663 | Elf:3    | Bought a scroll of teleportation for 39 gold pieces
 69663 | Elf:3    | Bought a scroll of fear for 52 gold pieces
 69706 | Elf:3    | Reached skill level 14 in Fire Magic
 70558 | Elf:3    | Reached skill level 15 in Fire Magic
 70577 | Elf:3    | Identified the +3 rapier of the Nexus {flame, Dex+4}
 70791 | Elf:3    | Identified the +9 war axe "Riwnise" {freeze, rElec rPois
                  | rC- Dex+5}
 70791 | Elf:3    | Identified a +2 robe of resistance
 70895 | Elf:3    | Reached skill level 16 in Fire Magic
 70910 | Elf:3    | Identified the +6 whip of Quboliqe {venom, rC++}
 70913 | Elf:3    | Paralysed by an air elemental for 1 turns
 70916 | Elf:3    | Paralysed by an air elemental for 1 turns
 71100 | Elf:3    | Got the Handbook of Snow-white Bedrock
 71269 | Elf:3    | Got the Thoughts on Puissant Production
 71603 | D:7      | Killed TheSexyCheese's ghost
 71796 | Swamp:3  | Killed Fusk's ghost
 71800 | Swamp:3  | Killed Ufuth's ghost
 71804 | Swamp:3  | Killed Buiwea Hucos's ghost
 71808 | Swamp:3  | Killed Jout's ghost
 72067 | Depths:1 | Entered Level 1 of the Depths
 72067 | Depths:1 | Found Vestinga's Antique Weapon Shop.
 72090 | Depths:1 | Bought a twisted shortbow for 336 gold pieces
 72090 | Depths:1 | Identified the +4 shortbow "Loczaust" {elec, rPois} (You
                  | bought it in a shop on level 1 of the Depths)
 72090 | Depths:1 | Bought an ivory long sword for 357 gold pieces
 72090 | Depths:1 | Identified the +3 long sword "Muekkitwe" {freeze, rF+
                  | Dex+3} (You bought it in a shop on level 1 of the Depths)
 72099 | Depths:1 | Found a gateway to Hell.
 72134 | Depths:1 | Reached skill level 17 in Fire Magic
 72331 | Depths:1 | Found a stormy altar of Qazlal.
 72382 | Depths:1 | Found a one-way gateway to a ziggurat.
 72404 | Depths:1 | Found a one-way gate to the infinite horrors of the Abyss.
 72553 | Depths:1 | Found a one-way gate leading to the halls of Pandemonium.
 73389 | Depths:2 | Found a transporter.
 73407 | Depths:2 | Reached skill level 18 in Fire Magic
 73750 | Depths:2 | Identified the +3 trident "Yjugus" {heavy, ^Fragile rN+
                  | Int+4}
 73846 | Depths:2 | Reached skill level 19 in Fire Magic
 74003 | Depths:2 | Found a shadowy altar of Dithmenos.
 74215 | Depths:2 | Reached XP level 24. HP: 195/195 MP: 44/46
 74269 | Depths:2 | Found a transporter.
 74464 | Depths:2 | Identified a +1 buckler of resistance
 74466 | Depths:2 | Noticed a juggernaut
 74486 | Depths:2 | Noticed a juggernaut
 74497 | Depths:2 | Killed a juggernaut
 74500 | Depths:2 | Reached skill level 20 in Fire Magic
 74565 | Depths:2 | Killed a juggernaut
 74850 | Depths:2 | Identified the ring "Feafac" {rN+ Stlth+}
 74859 | Depths:2 | Identified the ring "Heklich" {Ice Will- rCorr Int-4 Dex+5}
 74930 | Depths:3 | Reached skill level 21 in Fire Magic
 75636 | Depths:3 | Reached skill level 22 in Fire Magic
 75663 | Depths:3 | Noticed a caustic shrike
 75667 | Depths:3 | Killed a caustic shrike
 75758 | Depths:3 | Paralysed by a vampire knight for 2 turns
 75939 | Depths:3 | Noticed a caustic shrike
 75943 | Depths:3 | Killed a caustic shrike
 76044 | Depths:3 | Reached skill level 23 in Fire Magic
 76101 | Depths:3 | Noticed a juggernaut
 76124 | Depths:3 | Killed a juggernaut
 76368 | Depths:4 | Entered Level 4 of the Depths
 76551 | Depths:4 | Found a runed translucent gate.
 76834 | Depths:4 | Reached skill level 24 in Fire Magic
 76835 | Depths:4 | Noticed a caustic shrike
 76837 | Depths:4 | Noticed a caustic shrike
 76838 | Depths:4 | Noticed a caustic shrike
 76849 | Depths:4 | Killed a caustic shrike
 76852 | Depths:4 | Killed a caustic shrike
 76858 | Depths:4 | Killed a caustic shrike
 76918 | Depths:4 | Found a gate to the Realm of Zot.
 77263 | Depths:4 | Found a runed translucent gate.
 77263 | Depths:4 | Found a runed translucent gate.
 77264 | Depths:4 | Found an opulent altar of Gozag.
 77264 | Depths:4 | Noticed a juggernaut
 77264 | Depths:4 | Noticed Sisit's ghost (adept DjCj)
 77272 | Depths:4 | Found Nawecy's Assorted Antiques.
 77353 | Depths:4 | Killed a juggernaut
 77381 | Depths:4 | Killed Sisit's ghost
 77382 | Depths:4 | Reached skill level 25 in Fire Magic
 77804 | Depths:4 | Reached XP level 25. HP: 202/202 MP: 37/46
 78292 | Vaults:5 | Entered Level 5 of the Vaults
 79288 | Vaults:4 | Reached skill level 14 in Shields
 79839 | Vaults:4 | Reached skill level 17 in Armour
 80186 | Vaults:4 | Found Ysmor's Antique Weapon Shoppe.
 80579 | Vaults:4 | Found Qosunik's Distillery.
 80743 | Vaults:4 | Found Ulemung's Antique Armour Boutique.
 80795 | Vaults:4 | Found Mait's Assorted Antiques.
 81238 | Vaults:5 | Noticed a dread lich
 81250 | Vaults:5 | Killed a dread lich
 81403 | Vaults:5 | Identified the ring of Zexas {rPois rF+ Dex+6}
 81563 | Vaults:5 | Reached skill level 26 in Fire Magic
 81566 | Vaults:5 | Noticed a dread lich
 81570 | Vaults:5 | Reached skill level 15 in Shields
 81947 | Vaults:4 | Killed a dread lich
 82797 | Vaults:5 | Identified the +0 plate armour "Tonuevoiv" {rPois rN+}
 83005 | Vaults:5 | Got Sif Muna's Compendium of Subspace
 83162 | Vaults:5 | Found Aqaam's Distillery.
 83162 | Vaults:5 | Found Beiteuff's Magic Scroll Emporium.
 83167 | Vaults:5 | Bought a potion of curing for 63 gold pieces
 83167 | Vaults:5 | Bought a potion of curing for 63 gold pieces
 83167 | Vaults:5 | Bought a potion of curing for 63 gold pieces
 83173 | Vaults:5 | Found Usagebro's Distillery.
 83202 | Vaults:5 | Bought a potion of heal wounds for 75 gold pieces
 83202 | Vaults:5 | Bought a potion of experience for 750 gold pieces
 83202 | Vaults:5 | Bought a potion of mutation for 120 gold pieces
 83202 | Vaults:5 | Bought a potion of heal wounds for 75 gold pieces
 83229 | Vaults:5 | Found Loagoyll's Distillery.
 83248 | Vaults:5 | Reached skill level 18 in Armour
 83370 | Vaults:5 | Found Goysat's Magic Scroll Shop.
 83375 | Vaults:5 | Bought a scroll of fear for 80 gold pieces
 83375 | Vaults:5 | Bought a scroll of blinking for 150 gold pieces
 83478 | Vaults:5 | Got the Vademecum on Grounded Location
 83776 | Vaults:5 | Got a silver rune of Zot
 84106 | Zot:1    | Entered Level 1 of the Realm of Zot
 85037 | Zot:1    | Reached XP level 26. HP: 205/210 MP: 24/46
 85047 | Zot:1    | Reached skill level 16 in Shields
 85362 | Zot:1    | Noticed an electric golem
 85370 | Zot:1    | Killed an electric golem
 85568 | Zot:2    | Reached skill level 27 in Fire Magic
 85568 | Zot:2    | Reached XP level 27. HP: 216/216 MP: 46/46
 85803 | Zot:2    | Reached skill level 9 in Conjurations
 86276 | Zot:2    | Reached skill level 10 in Conjurations
 86356 | Zot:2    | Noticed an electric golem
 86819 | Zot:1    | Killed an electric golem
 87439 | Zot:3    | Reached skill level 11 in Conjurations
 88645 | Zot:3    | Found the +4 dragonskin cloak
 88645 | Zot:3    | Noticed Tiamat
 88758 | Zot:3    | Killed Tiamat
 88992 | Zot:3    | Reached skill level 12 in Conjurations
 90275 | Zot:4    | Reached skill level 13 in Conjurations
 90750 | Zot:4    | Reached skill level 14 in Conjurations
 90922 | Zot:4    | Noticed ChongLi's ghost (master TeRe)
 90926 | Zot:4    | Found a runed translucent gate.
 90926 | Zot:4    | Found a runed translucent gate.
 90926 | Zot:4    | Found a runed translucent gate.
 91203 | Zot:5    | Entered Level 5 of the Realm of Zot
 92322 | Zot:5    | Reached skill level 15 in Conjurations
 92681 | Zot:5    | Got the Volume of the Mercurial Excursion
 93521 | Zot:5    | Noticed a dread lich
 93532 | Zot:5    | Killed a dread lich
 93952 | Zot:5    | Noticed a dread lich
 93957 | Zot:5    | Noticed an orb of fire
 93982 | Zot:5    | Noticed an electric golem
 93986 | Zot:5    | Killed an orb of fire
 94203 | Zot:5    | Killed an electric golem
 94337 | Zot:5    | Learned a level 9 spell: Fire Storm
 94360 | Zot:5    | Reached skill level 16 in Conjurations
 94404 | Zot:5    | Killed a dread lich
 94510 | Zot:5    | Noticed an orb of fire
 94595 | Zot:5    | Got the Secrets of the Wendigo
 94703 | Zot:5    | Noticed a dread lich
 94708 | Zot:5    | Noticed an electric golem
 94711 | Zot:5    | Killed a dread lich
 94715 | Zot:5    | Killed an electric golem
 94742 | Zot:5    | Noticed a curse toe
 94752 | Zot:5    | Killed a curse toe
 94753 | Zot:5    | Noticed a dread lich
 94846 | Zot:5    | Reached skill level 17 in Conjurations
 94956 | Zot:5    | Got the Orb of Zot
 95536 | D:$      | Escaped with the Orb!

Vanquished Creatures
  The ghost of Sisit the Cloud Mage, an adept DjCj of Makhleb (Depths:4)
  2 liches
  An Orb Guardian (Zot:5)
  Gastronok (D:11)
  A nagaraja (Snake:4)
  A draconian knight (Zot:1)
  A frost giant (D:14)
  A ghost moth (Zot:3)
  An orc warlord (D:14)
  A stone giant (D:15)
  Nessos (D:12)
  A bunyip (Swamp:1)
  A deep elf annihilator (Vaults:5)
  2 spark wasps
  A green death (Gauntlet)
  3 ettins
  Snorg (D:13)
  2 yaktaur captains
  An entropy weaver (Vaults:5)
  3 hydras
  The ghost of TheLasagnaBaron the Fighter, a novice OnBe of Trog (D:10)
  2 vault guards (Vaults:4)
  Erolcha (D:12)
  A rakshasa (D:14)
  An ogre mage (Orc:1)
  Harold (D:11)
  Erica (D:11)
  An ironbound frostheart (Vaults:4)
  An anaconda (Snake:3)
  6 boulder beetles
  6 centaur warriors
  A death knight (D:14)
  18 two-headed ogres
  A hell hog (Lair:5)
  A naga warrior (Snake:1)
  A shock serpent (Snake:4)
  An orc high priest (D:14)
  A skyshark (Lair:3)
  Lodul (D:13)
  6 skeletal warriors
  2 salamander mystics
  A sea snake (Snake:4)
  A spriggan druid (Swamp:4)
  3 deep trolls
  A flayed ghost (D:12)
  A goliath frog (Lair:2)
  A lindwurm (Lair:5)
  Pikel (D:7)
  3 necromancers
  A harpy (Vaults:1)
  5 orc knights
  A deep elf zephyrmancer (Elf:1)
  An oklob plant (Lair:2)
  15 ugly things
  Maurice (D:7)
  2 wolf spiders (Lair:5)
  6 cyclopes
  3 salamanders
  4 manticores
  8 orc sorcerers
  2 vault sentinels
  6 meliai
  A will-o-the-wisp (Swamp:4)
  2 moths of wrath
  3 kobold blastminers
  An elephant (shapeshifter) (D:14)
  13 elephants
  A guardian serpent (Lair:5)
  A naga mage (Snake:4)
  14 black mambas
  15 cane toads
  An unseen horror (shapeshifter) (D:15)
  4 centaur skeletons (D:13)
  4 rime drakes
  3 gargoyles
  A kobold demonologist (D:12)
  6 yaktaurs
  2 tengu conjurers
  6 komodo dragons
  Maggie (D:8)
  9 trolls
  Psyche (D:8)
  A polar bear (shapeshifter) (D:12)
  12 polar bears
  4 hornets
  3 raiju (Lair:5)
  Grinder (D:3)
  6 dream sheep (Lair:4)
  4 blink frogs (Lair:3)
  17 slime creatures
  2 vampires
  2 shadows
  5 wraiths
  A centaur simulacrum (Gauntlet)
  3 water elementals
  12 wyverns
  A steam dragon (D:8)
  2 basilisks
  Grum (D:11)
  3 redbacks (Lair:5)
  32 yaks
  10 wargs
  7 vampire mosquitoes
  A harpy simulacrum (Gauntlet)
  3 acid dragons
  A naga (Snake:1)
  20 water moccasins
  11 hell hounds
  A swamp drake (Lair:2)
  17 orc warriors
  An ice beast (D:8)
  12 black bears
  2 laughing skulls (D:14)
  34 wolves
  An ogre (shapeshifter) (Vaults:4)
  28 ogres
  7 centaurs
  5 kobold brigands
  9 bullfrogs
  A scorpion (D:7)
  A gnoll sergeant (D:7)
  4 wights (D:7)
  3 killer bees (D:7)
  3 howler monkeys (D:8)
  7 electric eels
  2 bombardier beetles (D:5)
  A gnoll bouda (D:6)
  2 hounds
  2 jellies
  Crazy Yiuf (D:3)
  13 orc priests
  2 sleepcaps
  Ijyb (D:3)
  27 orc wizards
  3 iguanas
  3 nameless horrors
  3 adders
  12 gnolls
  A shadow imp (D:8)
  4 ufetubi
  6 ribbon worms
  55 orcs
  5 bats
  6 endoplasms
  2 giant cockroaches
  11 goblins
  8 hobgoblins
  4 jackals (D:1)
  10 kobolds
  A quokka (D:4)
  10 ball pythons
  6 frilled lizards
  10 rats
750 creatures vanquished.

Vanquished Creatures (collateral kills)
  Tiamat (Zot:3)
  5 dread liches
  Mara (Snake:3)
  4 juggernauts
  Xtahua (Vaults:3)
  2 Killer Klowns
  Saint Roka (Vaults:4)
  A curse toe (Zot:5)
  5 caustic shrikes
  15 golden dragons
  4 electric golems
  14 tentacled monstrosities
  Zenata (Elf:2)
  18 Orb Guardians (Zot:5)
  3 liches
  5 quicksilver dragons
  2 walking crystal tomes
  A walking divine tome (Depths:3)
  A walking frostbound tome (Depths:4)
  A deep elf master archer (Elf:3)
  5 titans
  An Executioner (Depths:4)
  The ghost of Buiwea Hucos the Thaumaturge, an adept FoDe of Vehumet (Swamp:3)
  2 deep elf blademasters (Elf:3)
  7 death cobs
  11 sphinxes
  9 tengu reavers
  7 shadow dragons
  14 storm dragons
  A thorn hunter (Swamp:3)
  Donald (Snake:2)
  7 protean progenitors
  A demonspawn warmonger (Depths:1)
  The ghost of Fusk the Frost Mage, an adept HuWn of Vehumet (Swamp:3)
  3 draconian knights (Zot:1)
  7 frost giants
  9 fenstrider witches
  6 deep elf sorcerers
  7 nagarajas (Snake:4)
  3 fire giants
  3 draconian monks
  4 draconian shifters
  4 deep elf elementalists (Elf:3)
  4 orc warlords
  18 vault wardens
  A draconian stormcaller (Zot:3)
  8 draconian scorchers
  20 ironbound preservers
  The ghost of Jout the Spry, an adept FeEE of Gozag (Swamp:3)
  18 very ugly things
  2 iron dragons
  A spriggan defender (Depths:3)
  8 draconian annihilators
  24 stone giants
  15 green draconians
  4 formless jellyfish
  4 vampire knights
  2 ironbound thunderhulks (Vaults:4)
  12 deep elf annihilators
  A minotaur (Gauntlet)
  10 purple draconians
  5 eleionomae
  4 deep elf death magi
  12 yellow draconians
  3 deep elf demonologists
  9 black draconians
  5 war gargoyles
  6 red draconians
  4 bunyips
  21 dire elephants
  7 white draconians
  14 spark wasps
  3 blizzard demons
  2 crystal guardians
  6 fire dragons
  10 ettins
  6 deep elf high priests
  3 salamander tyrants
  A shambling mangrove (Swamp:4)
  5 rakshasas
  An entropy weaver (Vaults:1)
  7 hydras
  7 great orbs of eyes
  4 spriggan air magi (Depths:2)
  14 yaktaur captains
  5 ice dragons
  13 alligators
  3 peacekeepers
  27 vault guards
  8 anacondas
  6 ogre magi
  11 ironbound frosthearts
  2 radroaches (Zot:4)
  A boulder beetle (Vaults:1)
  34 dancing weapons
  3 two-headed ogres (Orc:2)
  7 centaur warriors
  5 tengu warriors
  5 deep troll earth magi
  4 deep troll shamans
  2 vampire magi
  7 orc high priests
  4 spriggan berserkers
  2 occultists
  A shock serpent (Snake:4)
  10 naga sharpshooters
  13 hell knights
  11 deep elf knights
  2 soul eaters
  8 naga warriors
  2 iron trolls
  A salamander mystic (Snake:4)
  7 goliath frogs
  A death drake (Swamp:4)
  2 spriggan druids (Swamp:4)
  39 deep trolls
  3 swamp dragons
  4 glowing orange brains
  A shadow demon (Depths:1)
  5 sea snakes (Snake:4)
  13 ironbound convokers
  9 lindwurms
  5 arcanists
  7 naga ritualists
  6 deep elf archers
  10 mana vipers
  A deep troll (shapeshifter) (Elf:2)
  6 bog bodies
  5 phantasmal warriors
  2 thermic dynamos (Elf:3)
  A lindwurm (shapeshifter) (Vaults:4)
  2 obsidian statues
  10 deep elf zephyrmancers
  A necromancer (Depths:2)
  13 orc knights
  22 deep elf pyromancers
  A glowing shapeshifter (Vaults:4)
  The ghost of TheSexyCheese the Firebug, a novice DsFE of Vehumet (D:7)
  20 ugly things
  7 harpies (Vaults:1)
  10 salamanders
  3 will-o-the-wisps
  6 orc sorcerers
  23 moths of wrath
  A toenail golem (D:14)
  26 black mambas
  2 water nymphs (shapeshifter) (Vaults:5)
  23 vault sentinels
  5 guardian serpents
  16 naga magi
  3 orange demons (Swamp:4)
  A cane toad (Lair:4)
  3 smoke demons (Swamp:4)
  A hellion (Depths:1)
  2 tengu conjurers
  A rime drake (shapeshifter) (Vaults:4)
  30 yaktaurs
  3 trolls
  4 hellwings (Swamp:4)
  A bloated husk (Swamp:4)
  17 hornets
  A merfolk (shapeshifter) (Depths:2)
  10 tyrant leeches
  A glass eye (Depths:2)
  A dream sheep (shapeshifter) (Vaults:4)
  2 centaur simulacra (Gauntlet)
  20 slime creatures
  A jumping spider (Vaults:5)
  A culicivora (Vaults:1)
  A ynoxinul (Depths:1)
  20 spriggans
  An air elemental (Elf:3)
  23 nameless horrors
  3 fire elementals
  2 humans (Zot:1)
  3 water elementals
  2 wargs
  4 golden eyes (Depths:1)
  A chaos spawn (Swamp:4)
  A neqoxec (D:15)
  4 redbacks
  8 vampire mosquitoes
  A redback (shapeshifter) (Vaults:4)
  A swamp worm (shapeshifter) (Depths:4)
  12 swamp worms
  38 nagas
  3 orc warriors
  2 swamp drakes
  4 ogres
  An orc priest (Vaults:4)
  11 aspiring fleshes
  2 ball lightnings (Swamp:3)
  3 foxfires (D:3)
1282 creatures vanquished.

Vanquished Creatures (others)
  An orb of fire (Zot:5)
  A Killer Klown (Zot:5)
  A tentacled monstrosity (Zot:5)
  3 Orb Guardians (Zot:5)
  A draconian monk (Zot:5)
  The ghost of Ufuth the Crack Shot, a journeyman DEHu of Jiyva (Swamp:3)
  An orc knight (Vaults:2)
  A lindwurm (Vaults:1)
  A cyclops (D:13)
  A bloated husk (Swamp:2)
  A boggart (D:13)
  A ball lightning (Swamp:3)
  1292 foxfires
  88 snaplasher vines
1394 creatures vanquished.

Grand Total: 3426 creatures vanquished

Table legend: (Time is in decaauts)
 A = Elapsed time spent in this place.
 B = Non-inter-level travel time spent in this place.
 C = Inter-level travel time spent in this place.
 D = Time resting spent in this place.
 E = Time spent auto-exploring this place.
 F = Levels seen in this place.
 G = Mean time per level.
                   A        B        C        D        E       F      G
               +--------+--------+--------+--------+--------+-----+--------+
         Total |  96114 |  91221 |   4893 |  21921 |  51235 |  51 | 1884.6 |
       Dungeon |  30216 |  27869 |   2347 |   7015 |  16372 |  15 | 2014.4 |
        Temple |     94 |     94 |      0 |      0 |      0 |   1 |   94.0 |
          Lair |   9346 |   8850 |    496 |   1466 |   5836 |   5 | 1869.2 |
         Swamp |   6944 |   6754 |    190 |    779 |   4630 |   4 | 1736.0 |
     Snake Pit |  10517 |  10102 |    415 |   3442 |   5139 |   4 | 2629.2 |
  Orcish Mines |   2384 |   2290 |     94 |    265 |   1610 |   2 | 1192.0 |
   Elven Halls |   4888 |   4677 |    211 |    763 |   2874 |   3 | 1629.3 |
        Vaults |  13578 |  13045 |    533 |   3285 |   6863 |   5 | 2715.6 |
        Depths |   6520 |   6203 |    317 |   1245 |   3020 |   4 | 1630.0 |
           Zot |  10558 |  10271 |    287 |   3466 |   4353 |   5 | 2111.6 |
        Bazaar |     76 |     76 |      0 |      0 |     67 |   1 |   76.0 |
         Trove |     98 |     98 |      0 |      0 |     45 |   1 |   98.0 |
      Gauntlet |    889 |    889 |      0 |    194 |    423 |   1 |  889.0 |
               +--------+--------+--------+--------+--------+-----+--------+

Top non-repeatable levels by time:
Vaults:4: 5512 daAuts
 Snake:4: 3651 daAuts
   Zot:5: 3614 daAuts
    D:14: 3600 daAuts
Vaults:1: 3538 daAuts
    D:11: 3263 daAuts
  Lair:5: 3102 daAuts
    D:12: 3073 daAuts
 Snake:3: 3069 daAuts
 Swamp:4: 2901 daAuts
    D:10: 2657 daAuts
    D:13: 2323 daAuts
  Lair:4: 2314 daAuts
   Zot:4: 2232 daAuts
     D:9: 2180 daAuts

Table legend:
 A = Non-vault XP
 B = Vault XP
 C = Vault XP percentage of total XP
 D = Non-vault monster count
 E = Vault monster count
 F = Vault count percentage of total count
                 A         B        C        D         E       F
            +---------+---------+-------+---------+---------+-------
      Total |  660850 |  618334 |  48.3 |    1196 |     788 |  39.7
            +---------+---------+-------+---------+---------+-------
        D:1 |      33 |       6 |  15.4 |      22 |       4 |  15.4
        D:2 |      44 |       0 |   0.0 |      18 |       0 |   0.0
        D:3 |     105 |     341 |  76.5 |      20 |       3 |  13.0
        D:4 |     297 |     215 |  42.0 |      25 |       8 |  24.2
        D:5 |     777 |       0 |   0.0 |      26 |       0 |   0.0
        D:6 |     592 |       0 |   0.0 |      15 |       0 |   0.0
        D:7 |    1231 |    2655 |  68.3 |      23 |       4 |  14.8
        D:8 |    1049 |     679 |  39.3 |      19 |       2 |   9.5
        D:9 |    2306 |     115 |   4.8 |      15 |       1 |   6.2
       D:10 |    2282 |    3628 |  61.4 |      15 |      11 |  42.3
       D:11 |    1611 |    8292 |  83.7 |       5 |      15 |  75.0
       D:12 |    5936 |   11974 |  66.9 |      29 |      20 |  40.8
       D:13 |    6392 |    5597 |  46.7 |      18 |      21 |  53.8
       D:14 |   17722 |   14803 |  45.5 |      36 |      41 |  53.2
       D:15 |    2620 |    3383 |  56.4 |       7 |       5 |  41.7
     Lair:1 |    4855 |       0 |   0.0 |      22 |       0 |   0.0
     Lair:2 |    2972 |     861 |  22.5 |       7 |       2 |  22.2
     Lair:3 |    7131 |    1381 |  16.2 |      22 |       7 |  24.1
     Lair:4 |    5429 |     937 |  14.7 |      23 |       5 |  17.9
     Lair:5 |    8865 |   21698 |  71.0 |      22 |      92 |  80.7
    Swamp:1 |   14783 |    1098 |   6.9 |      28 |       5 |  15.2
    Swamp:2 |   15745 |       0 |   0.0 |      37 |       0 |   0.0
    Swamp:3 |   13296 |    5198 |  28.1 |      22 |       5 |  18.5
    Swamp:4 |   13997 |   26065 |  65.1 |      24 |      37 |  60.7
    Snake:1 |   16941 |       0 |   0.0 |      30 |       0 |   0.0
    Snake:2 |   13323 |    1364 |   9.3 |      32 |       1 |   3.0
    Snake:3 |   23193 |    4230 |  15.4 |      50 |       1 |   2.0
    Snake:4 |   13216 |   24476 |  64.9 |      23 |      35 |  60.3
      Orc:1 |    7967 |       0 |   0.0 |      20 |       0 |   0.0
      Orc:2 |    4592 |   14819 |  76.3 |      29 |      37 |  56.1
      Elf:1 |   11376 |    5637 |  33.1 |      17 |       9 |  34.6
      Elf:2 |    2443 |   27234 |  91.8 |       5 |      35 |  87.5
      Elf:3 |   16996 |   32979 |  66.0 |      27 |      30 |  52.6
   Vaults:1 |   42657 |   34588 |  44.8 |      64 |      48 |  42.9
   Vaults:2 |   24940 |   13210 |  34.6 |      33 |      17 |  34.0
   Vaults:3 |    9446 |   12447 |  56.9 |      13 |      10 |  43.5
   Vaults:4 |   42517 |  100250 |  70.2 |      62 |     109 |  63.7
   Vaults:5 |   13230 |   49790 |  79.0 |      22 |      41 |  65.1
   Depths:1 |   22646 |    1312 |   5.5 |      25 |       3 |  10.7
   Depths:2 |   44388 |   32203 |  42.0 |      47 |      23 |  32.9
   Depths:3 |   18005 |   51277 |  74.0 |      19 |      36 |  65.5
   Depths:4 |   29018 |   23386 |  44.6 |      27 |      16 |  37.2
      Zot:1 |   49449 |       0 |   0.0 |      42 |       0 |   0.0
      Zot:2 |   36344 |       0 |   0.0 |      33 |       0 |   0.0
      Zot:3 |    9879 |   13579 |  57.9 |      10 |       9 |  47.4
      Zot:4 |   49663 |    6932 |  12.2 |      43 |       6 |  12.2
      Zot:5 |   28551 |   56879 |  66.6 |      23 |      28 |  54.9
   Gauntlet |       0 |    2816 | 100.0 |       0 |       6 | 100.0
            +---------+---------+-------+---------+---------+-------
